[Event "Early-Titled-Tuesday-Blitz-September-05-2023"]
[Site "Chess.com"]
[Date "2023.09.05"]
[Round "4"]
[White "andrzej"]
[Black "ErikRonka"]
[Result "1-0"]
[WhiteElo "2389"]
[BlackElo "2494"]
[TimeControl "180+1"]
[EndTime "8:37:52 PDT"]
[Termination "andrzej won by checkmate"]

1. e4 c5 2. Nf3 e6 3. d4 cxd4 4. Nxd4 Nf6 5. Bd3 Qb6 6. Nb3 Qc7 7. O-O d6 8. c4 g6 9. Nc3 a6 10. Qe2 Bg7 11. f4 Nbd7 12. Bd2 O-O 13. Rae1 b6 14. e5 Ne8 15. Ne4 dxe5 16. Bb4 exf4 17. Bxf8 Nxf8 18. Ng5 Bb7 19. Be4 Bxe4 20. Qxe4 e5 21. Qxa8 Qe7 22. Ne4 a5 23. c5 bxc5 24. Qxa5 h6 25. Qxc5 Qb7 26. Nd6 Nxd6 27. Qxd6 Ne6 28. Rxe5 Bxe5 29. Qxe5 g5 30. Qf6 Qb6+ 31. Kh1 Qe3 32. Qc3 Qe2 33. Re1 Qf2 34. Qd2 Qb6 35. h3 Qc6 36. Nd4 Qd5 37. Nf3 Qxa2 38. Qe2 Qb3 39. Rd1 Kh7 40. Qd3+ Qxd3 41.
Rxd3 Nc5 42. Rd6 Ne4 43. Ra6 f5 44. b4 g4 45. Ne5 Nf2+ 46. Kg1 Ne4 47. hxg4 fxg4 48.
Nxg4 h5 49. Nf6+ Kg6 50. Nxe4+ Kf5 51. Nf2 f3 52. gxf3 h4 53. Kg2 h3+ 54. Nxh3 Ke5 55.
f4+ Kf5 56. b5 Kg4 57. b6 Kh4 58. b7 Kg4 59. b8=Q Kf5 60. Qe5+ Kg4 61. Qg5# 1-0

[Event "Early-Titled-Tuesday-Blitz-September-05-2023"]
[Site "Chess.com"]
[Date "2023.09.05"]
[Round "4"]
[White "WildTricks"]
[Black "InitiatingASC"]
[Result "1-0"]
[WhiteElo "2641"]
[BlackElo "2347"]
[TimeControl "180+1"]
[EndTime "8:37:54 PDT"]
[Termination "WildTricks won on time"]

1. Nf3 b6 2. g3 Bb7 3. Bg2 e5 4. O-O d6 5. c4 Nd7 6. Nc3 Ngf6 7.
d4 Be7 8. Re1 O-O 9. e4 Re8 10.
b3 a5 11. Bb2 exd4 12. Nxd4 Nc5 13. a3 Bf8 14. Qc2 Ne6 15. Nf5 g6 16. Nd5 Nxd5 17.
exd5 Nc5 18. Rxe8 Qxe8 19. Qc3 Qe5 20. Nd4 Bg7 21. Rd1 Re8 22. h4 Bc8 23. Qc2 Bg4 24.
Ra1 Qh5 25. b4 axb4 26. axb4 Nd7 27. Ra7 Ne5 28. Rxc7 Nf3+ 29. Nxf3 Bxf3 30. Bxg7 Bxg2 31.
Kxg2 Kxg7 32. Rc6 Qe5 33. Rxb6 Qd4 34. Rxd6 Re5 35. Ra6 h5 36. Ra2 Rf5 37. Qb2 Qxb2 38. Rxb2 1-0

[Event "Early-Titled-Tuesday-Blitz-September-05-2023"]
[Site "Chess.com"]
[Date "2023.09.05"]
[Round "4"]
[White "Let_it_be_1"]
[Black "Chessdude1987"]
[Result "1-0"]
[WhiteElo "2633"]
[BlackElo "2425"]
[TimeControl "180+1"]
[EndTime "8:37:54 PDT"]
[Termination "Let_it_be_1 won on time"]

1. e4 e6 2. d4 d5 3. Nd2 c5 4. Ngf3 cxd4 5. exd5 Qxd5 6. Bc4 Qd6 7. O-O Nf6 8. Nb3 Nc6 9. Nfxd4 Nxd4 10. Qxd4 Qxd4 11. Nxd4 Bc5 12. Rd1 a6 13. Be2 O-O 14. c4 e5 15.
Nb3 Ba7 16. Be3 Bxe3 17. fxe3 Bg4 18. Kf2 Ne4+ 19. Ke1 Be6 20. Bf3 f5 21. Bxe4 fxe4 22. Rac1 Rf6 23. Nc5 Bg4 24. Rd5 Raf8 25. Kd2 Rf2+ 26.
Kc3 Rxg2 27. Nxb7 Re2 28. Rxe5 Rxe3+ 29. Kd4 Ref3 30. Rxe4 Bf5 31. Re7 Bc8 32. Nd6 Rd8 33. c5 Bh3 34. Rg1 g6 35. Rg3 Rxg3 36. hxg3 h5 37.
Ke5 Bg4 38. Kf6 1-0

[Event "Early-Titled-Tuesday-Blitz-September-05-2023"]
[Site "Chess.com"]
[Date "2023.09.05"]
[Round "4"]
[White "AndreiITrifan"]
[Black "Jumbo"]
[Result "1-0"]
[WhiteElo "2622"]
[BlackElo "2918"]
[TimeControl "180+1"]
[EndTime "8:37:55 PDT"]
[Termination "AndreiITrifan won on time"]

1. e4 e6 2. d4 d5 3. Nc3 Nf6 4.
e5 Nfd7 5. f4 c5 6. Nf3 Nc6 7.
Be3 a6 8. Qd2 b5 9. dxc5 Bxc5 10. Bd3 Qb6 11. Bf2 h6 12. a3 Bxf2+ 13. Qxf2 g5 14.
Qxb6 Nxb6 15. fxg5 hxg5 16. Nxg5 Nxe5 17. O-O Ke7 18.
Rae1 f6 19. Nh3 Bd7 20. Nf4 Rag8 21. Nce2 Kd6 22. Nd4 Rh6 23. b3 Rg4 24. Ndxe6 Bxe6 25. Nxe6 Kxe6 26. Bf5+ Kd6 27. Rxe5 Rxg2+ 28. Kxg2 fxe5 29. Kg3 d4 30. h4 Nd5 31. Kg4 Nf4 32. Be4 Rh8 33.
Rh1 Ke6 34. h5 Rg8+ 35. Kf3 Rh8 36. h6 Kf6 37. h7 Kg7 38. Rg1+ Kf7 39. Rg5 Rf8 40.
Rf5+ 1-0

[Event "Early-Titled-Tuesday-Blitz-September-05-2023"]
[Site "Chess.com"]
[Date "2023.09.05"]
[Round "4"]
[White "PavelChernomordik"]
[Black "secretsuperstar7"]
[Result "0-1"]
[WhiteElo "2498"]
[BlackElo "2405"]
[TimeControl "180+1"]
[EndTime "8:37:55 PDT"]
[Termination "secretsuperstar7 won on time"]

1. e4 c5 2. Nc3 a6 3. g3 b5 4. Bg2 Bb7 5. Qe2 d6 6. f4 Nd7 7. d3 g6 8. Nf3 Bg7 9. O-O Ngf6 10. e5 dxe5 11. fxe5 Nd5 12. e6 fxe6 13.
Qxe6 Nxc3 14. Ng5 Bd4+ 15. Kh1 Bxg2+ 16. Kxg2 Qb6 17. Qf7+ Kd8 18. Ne6+ Kc8 19. Nxd4 cxd4 20. bxc3 Qc6+ 21. Kg1 Rf8 22. Qxe7 Rxf1+ 23. Kxf1 Qh1+ 24. Kf2 Qxh2+ 25. Kf3 Qh1+ 26. Kf4 Qf1+ 27. Kg5 Qf5+ 28. Kh6 Nf6 29. Qf8+ Kb7 30. Qe7+ Kc6 31. Kg7 Nh5+ 32. Kh6 Nf6 33. Kg7 Rg8+ 34. Kf7 Nd5+ 35. Kxg8 Nxe7+ 36. Kxh7 Qf7+ 0-1

[Event "Early-Titled-Tuesday-Blitz-September-05-2023"]
[Site "Chess.com"]
[Date "2023.09.05"]
[Round "4"]
[White "KVAIDAN"]
[Black "leandrojimenez"]
[Result "1-0"]
[WhiteElo "2218"]
[BlackElo "2447"]
[TimeControl "180+1"]
[EndTime "8:37:55 PDT"]
[Termination "KVAIDAN won on time"]

1. f4 d5 2. Nf3 Nf6 3. e3 Bg4 4. h3 Bxf3 5. Qxf3 e6 6. b3 c5 7. Bb2 Nc6 8. Bb5 Rc8 9. O-O Be7 10. Nc3 O-O 11. g4 a6 12. Be2 d4 13. Nd1 Nb4 14. g5 Ne8 15. Nf2 Nxc2 16. Rac1 d3 17. Bxd3 Nb4 18. Bb1 Qxd2 19. Bc3 Qd5 20. e4 Qd7 21. a3 Nc6 22. Rfd1 Nd4 23. Qd3 f5 24. e5 g6 25. Bb2 Ng7 26. b4 Nh5 27. bxc5 Nxf4 28. Qe3 Nfe2+ 29. Kh2 Nxc1 30. Bxd4 Rfd8 31. Ba2 Nxa2 32. h4 Bxc5 33. Bxc5 Qxd1 34. Nxd1 Rxd1 35.
Qb3 Rd5 36. Bd6 b5 37. Qxa2 1-0

[Event "Early-Titled-Tuesday-Blitz-September-05-2023"]
[Site "Chess.com"]
[Date "2023.09.05"]
[Round "4"]
[White "Nick12772"]
[Black "Bobbybunny"]
[Result "0-1"]
[WhiteElo "2320"]
[BlackElo "2155"]
[TimeControl "180+1"]
[EndTime "8:37:55 PDT"]
[Termination "Bobbybunny won by checkmate"]

1. Nf3 c5 2. g3 Nc6 3. d4 cxd4 4. Nxd4 g6 5. Bg2 Bg7 6. Nxc6 bxc6 7. O-O Nf6 8. c4 O-O 9. Nc3 Rb8 10. b3 Qa5 11.
Bb2 Rd8 12. Qd2 d5 13. cxd5 cxd5 14. Rfd1 d4 15. Na4 Qh5 16. Bf3 Bg4 17. Bxg4 Nxg4 18. h4 e5 19. Nc5 Qf5 20. Rf1 e4 21. Na4 Bh6 22. Qe1 e3 23. f3 Nf2 24. g4 Qf4 25.
Kg2 Bg7 26. Rxf2 exf2 27. Qxf2 Be5 28. Rh1 d3 29. e3 Qb4 30. Bxe5 d2 31. Bc3 Qd6 32. Rd1 Rbc8 33. Rxd2 Qe7 34. Rxd8+ Qxd8 35. Bd4 Qd5 36. Kh3 Qb5 37. Qd2 Qc6 38. Bc3 Qxf3+ 39. Kh2 Re8 40. Qd4 Qe2+ 41. Kg3 Rxe3+ 42. Kf4 Rf3+ 43.
Kg5 Qe7+ 44. Kh6 Qxh4# 0-1

[Event "Early-Titled-Tuesday-Blitz-September-05-2023"]
[Site "Chess.com"]
[Date "2023.09.05"]
[Round "4"]
[White "Legendinunknown"]
[Black "Mesa_1"]
[Result "1-0"]
[WhiteElo "2834"]
[BlackElo "2573"]
[TimeControl "180+1"]
[EndTime "8:37:56 PDT"]
[Termination "Legendinunknown won on time"]

1. d4 Nf6 2. c4 g6 3. Nc3 Bg7 4.
e4 d6 5. Nf3 O-O 6. Be2 Na6 7. h3 e5 8. Be3 exd4 9. Nxd4 Re8 10. Qc2 c6 11. O-O-O Qe7 12. f3 d5 13. cxd5 Nxd5 14. Bf2 Nab4 15. Qb3 Nf4 16. Bc4 a5 17. a4 Nxg2 18. h4 Nf4 19. Be3 Ne6 20. Nf5 gxf5 21. exf5 Nc5 22. Bxc5 Qxc5 23. Bxf7+ Kf8 24. Bxe8 Qe3+ 25.
Rd2 Qxe8 26. Re2 Qf7 27. Qxf7+ Kxf7 28. Ne4 Bh6+ 29. Ng5+ Kf6 30. Re8 b6 31. f4 Nd5 32.
Rhe1 Nc7 33. Rh8 Bxg5 34. fxg5+ Kxf5 35. Rxh7 Nd5 36. Re8 Bb7 37. Rxa8 Bxa8 38. Ra7 1-0

[Event "Early-Titled-Tuesday-Blitz-September-05-2023"]
[Site "Chess.com"]
[Date "2023.09.05"]
[Round "4"]
[White "BatboldNyamsuren0919"]
[Black "Vesper2018"]
[Result "1-0"]
[WhiteElo "2441"]
[BlackElo "2577"]
[TimeControl "180+1"]
[EndTime "8:37:56 PDT"]
[Termination "BatboldNyamsuren0919 won by resignation"]

1. Nf3 Nf6 2. d4 g6 3. g3 Bg7 4.
Bg2 O-O 5. O-O d6 6. b3 Nc6 7.
Bb2 e5 8. dxe5 Ng4 9. c4 Ngxe5 10. Nxe5 Nxe5 11. Nc3 f5 12. Qc2 f4 13. Rad1 f3 14. exf3 Nxf3+ 15. Kh1 Bf5 16. Qc1 Ne5 17. Bxb7 Nd3 18.
Bd5+ Kh8 19. Qa1 Nxb2 20. Qxb2 Qf6 21. Rc1 Rae8 22. Qd2 Bh3 23. Bg2 Bxg2+ 24. Kxg2 Qf3+ 25. Kg1 Re5 26. Nd5 Rh5 27. Qe3 Qg4 28. f4 c6 29. Nc3 c5 30. Qf3 Bd4+ 31. Kh1 Qh3 32. Qg2 Qd7 33. Ne2 Bg7 34. Rcd1 Re8 35. Ng1 Rf5 36.
Rfe1 Rxe1 37. Rxe1 d5 38. cxd5 Rxd5 39. Nf3 Rd1 40. Qf1 Rd3 41. Ng5 Qd5+ 42. Qg2 Qxg2+ 43.
Kxg2 Rd2+ 44. Kf3 h6 45. Re8+ Bf8 46. Ne6 1-0

[Event "Early-Titled-Tuesday-Blitz-September-05-2023"]
[Site "Chess.com"]
[Date "2023.09.05"]
[Round "4"]
[White "effefe"]
[Black "Jakuboss22005"]
[Result "1-0"]
[WhiteElo "2361"]
[BlackElo "2487"]
[TimeControl "180+1"]
[EndTime "8:37:57 PDT"]
[Termination "effefe won on time"]

1. d4 a6 2. c4 Nf6 3. Nc3 c5 4.
d5 b5 5. cxb5 g6 6. e4 d6 7.
bxa6 Bg7 8. a7 Rxa7 9. Bd3 O-O 10. Nf3 Na6 11. O-O e6 12. a4 exd5 13. exd5 Nb4 14. Bc4 Bf5 15. Bf4 Ne4 16. Nb5 Rd7 17. Qb3 g5 18. Be3 g4 19. Nd2 Ng5 20. Bf4 Qf6 21. a5 Bh6 22. Qg3 Kh8 23. Nxd6 Nh3+ 24. gxh3 Bxf4 25.
Qxf4 Rxd6 26. hxg4 Rg8 27. h3 Qg6 28. Nf3 Bxg4 29.
Kh2 Bxf3 30. Qxf3 Rf6 31. Qg3 Qxg3+ 32. fxg3 Rfg6 33. Rf3 Re8 34. a6 Ra8 35. a7 Kg8 36.
Rfa3 Rg7 37. Ra5 f5 38. Re1 f4 39. gxf4 1-0

[Event "Early-Titled-Tuesday-Blitz-September-05-2023"]
[Site "Chess.com"]
[Date "2023.09.05"]
[Round "4"]
[White "GMG"]
[Black "sergiochess83"]
[Result "1-0"]
[WhiteElo "2799"]
[BlackElo "2931"]
[TimeControl "180+1"]
[EndTime "8:37:58 PDT"]
[Termination "GMG won on time"]

1. d4 Nf6 2. c4 e6 3. Nf3 d5 4. g3 dxc4 5. Bg2 Bb4+ 6. Bd2 a5 7. Qc2 Bxd2+ 8. Nbxd2 b5 9. a4 c6 10. b3 cxb3 11.
Nxb3 b4 12. Ne5 O-O 13. O-O Nd5 14. Nc5 Nc3 15. e3 f6 16. Ned3 Qe7 17. Qb3 Kh8 18.
f4 Na6 19. Rf2 Nxc5 20. Nxc5 Bd7 21. Raf1 Qd6 22. Qc4 Nd5 23. Qd3 Rae8 24. e4 Nc3 25. e5 Qc7 26. Qa6 Bc8 27. Qc4 Nd5 28. Re1 fxe5 29.
Rxe5 Qd6 30. Rfe2 Nc3 31. Rd2 Rd8 32. Bh3 Nd5 33. Bxe6 Rfe8 34. Bxd5 cxd5 35. Qb5 Rxe5 36. dxe5 Qc7 37. Rd4 g5 38. e6 gxf4 39. Rxf4 Qe5 40. Qf1 Rg8 41. Qf2 Bxe6 42. Nxe6 1-0

[Event "Early-Titled-Tuesday-Blitz-September-05-2023"]
[Site "Chess.com"]
[Date "2023.09.05"]
[Round "4"]
[White "Alexander_Donchenko"]
[Black "Aswathchess"]
[Result "1-0"]
[WhiteElo "2848"]
[BlackElo "2575"]
[TimeControl "180+1"]
[EndTime "8:37:58 PDT"]
[Termination "Alexander_Donchenko won by resignation"]

1. d4 d5 2. c4 e6 3. Nf3 Nf6 4. g3 dxc4 5. Bg2 Nbd7 6. O-O c6 7. a4 a5 8. Nbd2 b5 9. Qc2 Bb7 10. b3 cxb3 11. Nxb3 Nd5 12. e4 Nb4 13. Qc3 Be7 14. Bd2 O-O 15. Rfc1 Qb6 16. Be3 Rfc8 17. d5 cxd5 18.
Qxc8+ Bxc8 19. Bxb6 Nxb6 20. axb5 dxe4 21. Nfd2 a4 22.
Nxe4 Bb7 23. Rc7 Bxe4 24. Bxe4 Bd6 25. Bxa8 Bxc7 26. Nc5 Be5 27. Ra3 Bd6 28. Nxa4 Nxa8 29. b6 Nxb6 30. Nxb6 g5 31. Nc4 Be7 32. Ra7 Nd5 33. Ne3 Kf8 34. Nxd5 exd5 35. Rd7 h5 36.
Rxd5 Kg7 37. Kg2 Bf6 38. Kf3 Kg6 39. Ke4 Bg7 40. f3 Bf6 41. h3 Be7 42. Rb5 f6 43. Rb6 Bd8 44. Rc6 Ba5 45. g4 hxg4 46. hxg4 Bd2 47.
Kd5 Bf4 48. Ke6 Be5 49. Rc8 Kg7 50. Re8 Ba1 51. Kf5 Bd4 52. Re7+ Kf8 53. Rd7 Be5 54. Ke6 Ba1 55. Rf7+ Kg8 56. Rxf6 1-0

[Event "Early-Titled-Tuesday-Blitz-September-05-2023"]
[Site "Chess.com"]
[Date "2023.09.05"]
[Round "4"]
[White "Der_Balak_3Halak"]
[Black "Bilan_Danila"]
[Result "0-1"]
[WhiteElo "2399"]
[BlackElo "2547"]
[TimeControl "180+1"]
[EndTime "8:37:59 PDT"]
[Termination "Bilan_Danila won by resignation"]

1. e4 c6 2. d4 d5 3. exd5 cxd5 4.
Nf3 Nc6 5. Bb5 Nf6 6. O-O Bg4 7.
h3 Bh5 8. g4 Bg6 9. Ne5 Rc8 10.
f4 Be4 11. Nc3 e6 12. Be3 Bb4 13. g5 Bxc3 14. bxc3 Nd7 15. Bxc6 bxc6 16. Rb1 Nb6 17. Qh5 O-O 18. Kh2 Bxc2 19. Rb2 Bg6 20. Qe2 Bf5 21. Rg1 Kh8 22. Qh5 Qe7 23. Rbg2 Be4 24. g6 fxg6 25.
Rxg6 Nc4 26. Rxg7 Qxg7 27. Ng6+ Bxg6 28. Qe2 Qf6 29. Bc1 Rb8 30. f5 Qxf5 31. Rg3 Kg8 32. Rg2 Rb1 33. Bh6 Rfb8 34. Rf2 Qe4 35. Qf3 Qxf3 36.
Rxf3 Nd2 37. Rf2 Ne4 38. Rf3 R8b2+ 0-1

[Event "Early-Titled-Tuesday-Blitz-September-05-2023"]
[Site "Chess.com"]
[Date "2023.09.05"]
[Round "4"]
[White "LionTheLeon_06"]
[Black "amintabatabaei"]
[Result "0-1"]
[WhiteElo "2804"]
[BlackElo "3015"]
[TimeControl "180+1"]
[EndTime "8:38:00 PDT"]
[Termination "amintabatabaei won by resignation"]

1. e4 c5 2. Nf3 d6 3. b3 Nf6 4.
Nc3 Nc6 5. Bb2 e5 6. Bc4 g6 7. d3 Bg7 8. a4 O-O 9. O-O Kh8 10. Nd5 Nxd5 11. Bxd5 f5 12. exf5 gxf5 13. Bxc6 bxc6 14. Nd2 f4 15. Qf3 Qc7 16. Ne4 Be6 17. Kh1 Rf5 18. Rae1 Raf8 19. Nd2 Bd5 20. Ne4 Qe7 21. Bc3 Qh4 22.
b4 Rh5 23. Qh3 Qxh3 24. gxh3 c4 25. f3 cxd3 26. cxd3 Rxh3 27. Kg2 Rh6 28. Rg1 Rf5 29. Kh1 Rfh5 30. Re2 Rh3 31. Rf2 Bf6 32. Rgg2 Bh4 33.
Rf1 Bxe4 34. dxe4 Bg3 35. Kg1 Bxh2+ 36. Kf2 Bg3+ 37. Ke2 Rh2 38. Rg1 Rxg2+ 39. Rxg2 Rh2 40. Rxh2 Bxh2 41. b5 cxb5 42. axb5 Bg1 43. Be1 Kg7 44.
Kd3 Kf7 45. Kc4 Ke6 46. Bh4 h5 47. Be1 Be3 48. Bh4 Bb6 49. Kd3 d5 50. exd5+ Kxd5 51. Bg5 Bf2 52. Ke2 Bd4 53. Kd3 Kc5 54. Ke4 Kxb5 55.
Kf5 a5 56. Kg6 a4 57. Kxh5 a3 0-1

[Event "Early-Titled-Tuesday-Blitz-September-05-2023"]
[Site "Chess.com"]
[Date "2023.09.05"]
[Round "4"]
[White "Sulthankan"]
[Black "bazar-wokzal"]
[Result "1-0"]
[WhiteElo "2413"]
[BlackElo "2526"]
[TimeControl "180+1"]
[EndTime "8:38:00 PDT"]
[Termination "Sulthankan won on time"]

1. d4 Nf6 2. c4 Nc6 3. Nc3 e5 4. d5 Ne7 5. Nf3 Ng6 6. h4 h5 7. Bg5 Be7 8. e3 Ng4 9. Bxe7 Qxe7 10. Bd3 Nf8 11. Rc1 d6 12. a3 f5 13. e4 f4 14. b4 Bd7 15. Kf1 Nh7 16. c5 g5 17.
Bb5 dxc5 18. Bxd7+ Kxd7 19. Qa4+ Kc8 20. Nb5 Kb8 21.
Rxc5 Rc8 22. hxg5 Nxg5 23. Rxh5 Nxf3 24. gxf3 Nf6 25. Rh6 a6 26. d6 cxd6 27. Rxc8+ Kxc8 28. Rh8+ Ne8 29. Nxd6+ Qxd6 30. Qxe8+ Kc7 31. Rh7+ Kb6 32. Qxa8 Kb5 33. Qxb7+ Ka4 34. Qd5 Qg6 35. Ra7 Kxa3 36. Qc4 Qg8 37. Rxa6+ Kb2 38. Qxg8 1-0

[Event "Early-Titled-Tuesday-Blitz-September-05-2023"]
[Site "Chess.com"]
[Date "2023.09.05"]
[Round "4"]
[White "tptagain"]
[Black "Journey_to_GrandMaster_YT"]
[Result "1-0"]
[WhiteElo "2912"]
[BlackElo "2613"]
[TimeControl "180+1"]
[EndTime "8:38:03 PDT"]
[Termination "tptagain won on time"]

1. Nf3 d6 2. d4 Nf6 3. Nc3 Nbd7 4. e4 e5 5. Bc4 Be7 6. a4 a5 7. Bxf7+ Kxf7 8. Ng5+ Kg8 9. Ne6 Qe8 10. Nxc7 Qg6 11.
Nxa8 Qxg2 12. Rf1 exd4 13. Nb5 Ne5 14. Ra3 Bh3 15. Rxh3 Qxh3 16. Nxd4 Nfg4 17. Bf4 Bh4 18. Bxe5 Nxf2 19. Qf3 dxe5 20. Ke2 exd4 21. Rxf2 Qxf3+ 22. Rxf3 Bf6 23. Nb6 h5 24. Nc4 Kh7 25. b3 Rc8 26.
Kd3 Rc5 27. Rf5 Rc8 28. Nxa5 b6 29. Nc4 Rb8 30. Rxh5+ Kg6 31. Rb5 Rh8 32. e5 Rh3+ 33. Kxd4 Rh4+ 34. Kd5 Bg5 35. Rxb6+ Kf5 36. a5 Rxh2 37.
Nd6+ Kf4 38. Rc6 Rd2+ 39. Ke6 Re2 40. Rc4+ 1-0

[Event "Early-Titled-Tuesday-Blitz-September-05-2023"]
[Site "Chess.com"]
[Date "2023.09.05"]
[Round "4"]
[White "Sargsyan_Shant"]
[Black "Evgeny81"]
[Result "1-0"]
[WhiteElo "2940"]
[BlackElo "2744"]
[TimeControl "180+1"]
[EndTime "8:38:03 PDT"]
[Termination "Sargsyan_Shant won on time"]

1. c4 Nf6 2. g3 e6 3. Bg2 d5 4. Nf3 dxc4 5. Qa4+ Bd7 6. Qxc4 c5 7. Ne5 Qc8 8. Qd3 Nc6 9. Nxd7 Qxd7 10. Qxd7+ Kxd7 11. Nc3 Bd6 12. O-O Rab8 13. d3 Rhc8 14. Be3 Ke7 15. Nb5 a6 16. Nxd6 Kxd6 17. Rac1 b6 18. Rfd1 Nd4 19. Kf1 Nd5 20. Bd2 e5 21. e3 Ne6 22.
Ke2 b5 23. f4 f6 24. Rf1 Rf8 25. Bh3 Rbe8 26. Kf3 exf4 27. gxf4 f5 28. Rg1 g6 29.
Kf2 Rd8 30. Bg2 Ke7 31. Ba5 Rd7 32. Rgd1 Nf6 33. h3 Rb8 34. b4 c4 35. dxc4 Rxd1 36. Rxd1 bxc4 37. Rc1 g5 38. Rxc4 g4 39. hxg4 Nxg4+ 40.
Ke2 Rg8 41. Bb7 Nf6 42. a4 h5 43. b5 axb5 44. axb5 Nd7 45. Bb4+ Kf6 46. Bd5 1-0

[Event "Early-Titled-Tuesday-Blitz-September-05-2023"]
[Site "Chess.com"]
[Date "2023.09.05"]
[Round "4"]
[White "crazy_m_attack"]
[Black "ArtemDyachuk"]
[Result "0-1"]
[WhiteElo "2346"]
[BlackElo "2573"]
[TimeControl "180+1"]
[EndTime "8:38:03 PDT"]
[Termination "ArtemDyachuk won on time"]

1. e4 c6 2. d4 d5 3. Nc3 dxe4 4. Nxe4 Bf5 5. Ng3 Bg6 6. h4 h6 7. Nf3 Nd7 8. Bd3 Bxd3 9. Qxd3 Qc7 10. Bd2 O-O-O 11.
O-O-O Ngf6 12. Qb3 e6 13. c4 Bd6 14. Rh3 Ng4 15. Ne4 Bf4 16. Qa3 f5 17. Nc3 Nxf2 18.
Qxa7 Nxh3 19. gxh3 Bxd2+ 20. Nxd2 g5 21. Re1 g4 22.
hxg4 fxg4 23. Nde4 g3 24. c5 Nf6 25. Qa8+ Kd7 26.
Nxf6+ Ke7 27. Qa4 Qf4+ 28. Kb1 Qxf6 29. Qb3 Qf5+ 30. Ka1 g2 31. Qxb7+ Rd7 32. Qxc6 Qf1 33. Qxe6+ Kd8 34. Qb6+ Kc8 35. Qc6+ Kb8 36. Qb6+ Rb7 37. Qd6+ Ka8 38. Qe5 g1=Q 39. Qxh8+ Rb8 40. Qxb8+ Kxb8 41. Rb1 Qff2 42. a4 Qxd4 0-1

[Event "Early-Titled-Tuesday-Blitz-September-05-2023"]
[Site "Chess.com"]
[Date "2023.09.05"]
[Round "4"]
[White "Msb2"]
[Black "TigrVShlyape"]
[Result "1-0"]
[WhiteElo "3109"]
[BlackElo "2871"]
[TimeControl "180+1"]
[EndTime "8:38:04 PDT"]
[Termination "Msb2 won on time"]

1. d4 d5 2. c4 c6 3. Nf3 Nf6 4. Nc3 a6 5. Qc2 Bg4 6. Ne5 Be6 7. Bg5 dxc4 8. e3 b5 9. Be2 Nd5 10. O-O g6 11. Bh4 Bg7 12. b3 cxb3 13. axb3 O-O 14. Ne4 Bf5 15. Bf3 Bxe5 16. dxe5 Nd7 17. Qb2 Qc7 18. Bg3 Qb6 19. Rfd1 h6 20. h4 a5 21. Nc3 Nxc3 22. Qxc3 Nc5 23. Bf4 b4 24. Qb2 Nd3 25. Rxd3 Bxd3 26. Bxh6 Rfd8 27. h5 a4 28.
bxa4 Ra5 29. e4 Qd4 30. Qc1 Qxe5 31. Bf4 Qc3 32. Qd1 Raa8 33. Rc1 Qf6 34. Bc7 e5 35. Bxd8 Rxd8 36. hxg6 Qxg6 37. a5 Qg5 38. a6 Bxa6 39. Qe1 Bb5 40. Rb1 c5 41. Rc1 c4 42. Ra1 c3 43. Qb1 Bd3 44. Qxb4 c2 45. Qc5 Qf6 46. Rc1 Qh6 47. Rxc2 Bxc2 48. Qxc2 1-0

[Event "Early-Titled-Tuesday-Blitz-September-05-2023"]
[Site "Chess.com"]
[Date "2023.09.05"]
[Round "4"]
[White "AradNazari"]
[Black "Langua_Chess"]
[Result "1-0"]
[WhiteElo "2709"]
[BlackElo "2489"]
[TimeControl "180+1"]
[EndTime "8:38:04 PDT"]
[Termination "AradNazari won on time"]

1. e4 c6 2. Nf3 d5 3. Nc3 Bg4 4. h3 Bxf3 5. Qxf3 e6 6. Be2 Nf6 7. O-O Bb4 8. e5 Nfd7 9. Qg4 Bf8 10. f4 g6 11. Nd1 h5 12. Qg3 c5 13. c3 Nc6 14. Nf2 Be7 15. d3 Qb6 16. a3 O-O-O 17. b4 Rdg8 18. Be3 g5 19. bxc5 Bxc5 20.
d4 Be7 21. f5 exf5 22. Qf3 f4 23. Bd2 g4 24. Qxf4 Bg5 25. Qxg5 Rxg5 26. Bxg5 gxh3 27. Nxh3 Nd8 28. Be7 Qg6 29. Nf4 Qe4 30. Bd3 Qe3+ 31.
Kh2 Rg8 32. Rf3 Qd2 33. Raf1 Ne6 34. R1f2 Qc1 35. Nxe6 fxe6 36. Bd6 b6 37. Ba6+ Kd8 38. Rf7 Ke8 39. Re7+ Kd8 40. Rff7 Rxg2+ 41. Kxg2 Qg5+ 42. Kh1 Qh4+ 43. Kg2 Qg5+ 44. Kf2 Qd2+ 45. Be2 1-0

[Event "Early-Titled-Tuesday-Blitz-September-05-2023"]
[Site "Chess.com"]
[Date "2023.09.05"]
[Round "4"]
[White "DrDreBeats"]
[Black "Zurability"]
[Result "1-0"]
[WhiteElo "2551"]
[BlackElo "2715"]
[TimeControl "180+1"]
[EndTime "8:38:05 PDT"]
[Termination "DrDreBeats won on time"]

1. e4 e5 2. Nf3 Nc6 3. Bb5 a6 4. Ba4 Nf6 5. O-O Be7 6. Re1 b5 7. Bb3 d6 8. c3 O-O 9. d4 Bg4 10. Be3 exd4 11. cxd4 Na5 12. Bc2 Nc4 13. Bc1 c5 14. b3 Nb6 15. Bb2 cxd4 16. Bxd4 Rc8 17.
Nbd2 Nfd7 18. h3 Bh5 19. Qb1 Bg6 20. Bd3 Bf6 21. Qb2 Re8 22. a4 d5 23. e5 Bxd3 24.
exf6 Nxf6 25. axb5 axb5 26. Rxe8+ Nxe8 27. Ra6 Nd7 28. b4 f6 29. Qb3 Bc4 30. Qe3 Nf8 31. Bc5 Nc7 32. Rc6 Qd7 33. Nd4 Nce6 34. Rxe6 Nxe6 35.
Qxe6+ Qxe6 36. Nxe6 Re8 37. Nd4 Re1+ 38. Kh2 Rd1 39.
N2f3 g6 40. Kg3 Kf7 41. Kf4 Rd3 42. Nc6 g5+ 43. Kg3 h5 44. Kh2 g4 45. hxg4 hxg4 46. Nfd4 Kg6 47. Na7 Rd2 48. Kg3 f5 49. Naxb5 Rd3+ 50. f3 Kg5 51. Kf2 f4 52. fxg4 Kxg4 53. Nd6 Rd2+ 54.
Ke1 Rxg2 55. Nf7 Rb2 56. Ne5+ Kg3 57. Kd1 1-0

[Event "Early-Titled-Tuesday-Blitz-September-05-2023"]
[Site "Chess.com"]
[Date "2023.09.05"]
[Round "4"]
[White "stepanosinovsky"]
[Black "Roman_Ovetchkin"]
[Result "0-1"]
[WhiteElo "2313"]
[BlackElo "2646"]
[TimeControl "180+1"]
[EndTime "8:38:05 PDT"]
[Termination "Roman_Ovetchkin won on time"]

1. Nf3 d5 2. g3 Bg4 3. Bg2 Nd7 4. h3 Bh5 5. c4 e6 6. Nc3 c6 7. d3 Ngf6 8. O-O Bc5 9. a3 a5 10. b3 d4 11. Ne4 Nxe4 12. dxe4 e5 13. Ne1 O-O 14.
Nd3 Bd6 15. Bd2 Nc5 16. Nxc5 Bxc5 17. b4 Bb6 18. c5 Bc7 19. Bf3 Bxf3 20. exf3 Qd7 21.
Kg2 Qe6 22. Qc2 Ra7 23. Rfb1 axb4 24. axb4 Rfa8 25. Rxa7 Rxa7 26. b5 Ra2 27. Rb2 Rxb2 28. Qxb2 Qd7 29. b6 Bd8 30. Qa2 h5 31. f4 exf4 32.
gxf4 Be7 33. Qc4 g6 34. Bb4 Bf6 35. Bd2 Kg7 36. Qa4 d3 37. Qc4 Qd4 0-1

[Event "Early-Titled-Tuesday-Blitz-September-05-2023"]
[Site "Chess.com"]
[Date "2023.09.05"]
[Round "4"]
[White "biostatistician"]
[Black "McCarthyStone"]
[Result "1-0"]
[WhiteElo "2598"]
[BlackElo "2428"]
[TimeControl "180+1"]
[EndTime "8:38:06 PDT"]
[Termination "biostatistician won by resignation"]

1. d4 Nf6 2. Nf3 g6 3. c4 Bg7 4.
Nc3 O-O 5. e4 d6 6. Be2 e5 7. dxe5 dxe5 8. Qxd8 Rxd8 9. Bg5 Na6 10. Nd5 Rd6 11. Nxf6+ Bxf6 12. Bxf6 Rxf6 13. Nxe5 Re6 14. f4 Nc5 15. O-O-O Re8 16. Bf3 f6 17. Rd5 b6 18. Nd3 Bb7 19. Nxc5 Bxd5 20. Na6 Bxe4 21.
Nxc7 Bxf3 22. gxf3 Kf7 23. Rd1 Rad8 24. Nxe8 Rxd1+ 25.
Kxd1 Kxe8 26. Ke2 Ke7 27. Ke3 Kd6 28. Kd4 Ke6 29. Ke4 a5 30. b3 Kd6 31. a3 Kc5 32.
Kd3 h5 33. Kc3 h4 34. b4+ axb4+ 35. axb4+ Kd6 36. Kd4 h3 37. c5+ bxc5+ 38. bxc5+ Kc6 39. Kc4 Kc7 40. Kd5 Kd7 41. c6+ Ke7 42. Kc5 g5 43. fxg5 fxg5 44. Kb6 Kf6 45. c7 g4 46. fxg4 Kg5 47.
c8=Q Kh4 48. g5 Kxg5 49. Qxh3 1-0

[Event "Early-Titled-Tuesday-Blitz-September-05-2023"]
[Site "Chess.com"]
[Date "2023.09.05"]
[Round "4"]
[White "mitrabhaa"]
[Black "YoreDea"]
[Result "1-0"]
[WhiteElo "2823"]
[BlackElo "2568"]
[TimeControl "180+1"]
[EndTime "8:38:08 PDT"]
[Termination "mitrabhaa won on time"]

1. Nf3 d5 2. c4 c6 3. cxd5 cxd5 4. d4 Nc6 5. Nc3 Nf6 6. Bf4 a6 7. Rc1 e6 8. e3 Bd6 9. Bg5 h6 10. Bh4 Qb6 11. Bxf6 gxf6 12. Rb1 f5 13. g3 Bd7 14.
Be2 Qa5 15. a3 b5 16. O-O O-O 17. b4 Qb6 18. Ne1 Be7 19. Nd3 Rfc8 20. Nc5 Be8 21. Bf3 Qd8 22. Qd3 Nb8 23. Ne2 Nd7 24. Nf4 Nb6 25. Nfxe6 fxe6 26. Nxe6 Qd6 27. Qxf5 h5 28.
Nf4 Bf7 29. Bxh5 Rf8 30. Rbc1 Nc4 31. Qg4+ Kh7 32. Bxf7 Rxf7 33. Qh5+ Kg7 34. Nxd5 Rh8 35. Qg4+ Qg6 36. Qxg6+ Kxg6 37. a4 Nd2 38. Rc6+ Kg7 39. h4 Nxf1 40. Kxf1 bxa4 41. Rxa6 Rd8 42. Nf4 Rb8 43. Ne6+ Kg8 44. Rxa4 Rxb4 45. Ra8+ Bf8 46. Kg2 Rb2 47. Nf4 Kh7 48. Nh3 Bh6 49. Re8 Kg7 50.
g4 Rf8 51. Re4 Kg8 52. g5 Bg7 53. Kg3 Kf7 54. h5 Re8 55. Rf4+ Kg8 56. h6 Bf8 57.
Rf6 Be7 58. Rg6+ Kh8 59. Rg7 Bf8 60. Rd7 Re7 61. Rd8 Kg8 62. Nf4 1-0